 Dungeon Crawl Stone Soup version 0.17-a0-2215-g49c1de0 (console) character file.

65 Kellhus the Slasher (level 3, 0/29 HPs)
             Began as a Mummy Chaos Knight on Oct 27, 2015.
             Slain by a ball python (2 damage)
             ... on level 2 of the Dungeon.
             The game lasted 00:01:55 (1157 turns).

Kellhus the Slasher (Mummy Chaos Knight)            Turns: 1157, Time: 00:01:56

Health: 0/29       AC:  5    Str: 16    XL:     3   Next: 94%
Magic:  3/3        EV:  8    Int: 11    God:    Xom [.*....]
Gold:   77         SH:  0    Dex: 11    Spells: 0 memorised, 2 levels left

rFire  x . .     SeeInvis .     a - +1 falchion (chaos)
rCold  + . .     Clarity  .     b - +2 leather armour
rNeg   + + +     SustAt   .     (no shield)
rPois  ∞         Gourm    .     (no helmet)
rElec  .         Spirit   .     (no cloak)
rCorr  .         Warding  .     (no gloves)
rMut   .         Rnd*Tele +     (no boots)
MR     .....                    e - amulet of inaccuracy (curse)
Stlth  ..........               h - ring of loudness (curse)
                                c - ring of teleportation (curse)

@: constricted, not resistant to hostile enchantments, extremely unstealthy
A: no food or potions, fire vulnerability, cold resistance 1, negative energy
resistance 3, torment resistance, unbreathing
a: Renounce Religion, Evoke Teleportation


You were on level 2 of the Dungeon.
You worshipped Xom.
You were a plaything of Xom.
You were not hungry.

You visited 1 branch of the dungeon, and saw 2 of its levels.

You collected 77 gold pieces.

Inventory:

Hand Weapons
 a - a +1 falchion of chaos (weapon)
Missiles
 f - 2 needles of frenzy
Armour
 b - a +2 leather armour (worn)
Jewellery
 c - a cursed ring of teleportation (left hand)
 e - a cursed amulet of inaccuracy (around neck)
 g - an uncursed ring of ice
 h - a cursed ring of loudness (right hand)


   Skills:
 - Level 3.0 Fighting
 + Level 4.0 Long Blades
 - Level 1.5 Armour
 - Level 0.7 Dodging


You had 2 spell levels left.
You didn't know any spells.

Dungeon Overview and Level Annotations

Branches:
Dungeon (2/15)

Altars:


Innate Abilities, Weirdness & Mutations

You do not eat or drink.
Your flesh is vulnerable to fire.
You are immune to poison.
Your flesh is cold resistant.
You are immune to negative energy.
You are immune to unholy pain and torment.
You can survive without breathing.


Message History

The ball python bites you but does no damage.
The ball python constricts you. The goblin barely misses you.
You are too injured to fight recklessly!
You miss the goblin. The ball python completely misses you.
The ball python constricts you. The goblin barely misses you.
You hit the goblin but do no damage.
The ball python bites you but does no damage.
* * * LOW HITPOINT WARNING * * *
The ball python constricts you. The goblin hits you with a club.
* * * LOW HITPOINT WARNING * * *
The ball python bites you but does no damage.
* * * LOW HITPOINT WARNING * * *
The ball python constricts you.
You slash the goblin!
You kill the goblin!
The ball python barely misses you. The ball python constricts you.
Unknown command.
You closely miss the ball python. The ball python bites you.
You die... "I guess I need a new plaything now."

.....# #.# ...### #.#
..# ...# #.# #.# ....
..# #.# #..##### #.#
#......#########.#
#..###...........#
#........######§S#######
#..#####.......§@§.....#
# ########§.#####.# #..#
#..# #..# #..# ...# #.##


You could see a ball python.

Vanquished Creatures
  An adder (D:2)
  An ooze (D:1)
  A worm (D:2)
  3 giant geckos
  A ball python (D:2)
  2 bats
  2 giant cockroaches
  7 hobgoblins
  4 jackals (D:1)
  6 kobolds
  A quokka (D:2)
  3 giant newts
  6 goblins
  7 rats
45 creatures vanquished.

Notes
Turn   | Place    | Note
--------------------------------------------------------------
     0 | D:1      | Kellhus the Mummy Chaos Knight began the quest for the Orb.
     0 | D:1      | Reached XP level 1. HP: 18/18 MP: 1/1
   106 | D:1      | Reached XP level 2. HP: 24/24 MP: 2/2
   395 | D:1      | XOM: divination: detect creatures
   571 | D:1      | Reached XP level 3. HP: 29/29 MP: 3/3
   638 | D:1      | XOM: god gift: smoky blue potion
   779 | D:1      | XOM: god gift: 2 needles of frenzy
   796 | D:1      | XOM: vitrification
   917 | D:2      | XOM: summons 1 hostile demon
  1091 | D:2      | XOM: smoke on damage
  1111 | D:2      | Reached skill level 4 in Long Blades
  1150 | D:2      | XOM: smoke on damage
  1157 | D:2      | Slain by a ball python

Vault maps used:
D:1:      dpeg_arrival_oval
D:2:      grunt_ministairs_15, nemelex_diamond_rough_becter

Action                   || total
-------------------------++-------
Melee: Falchion          ||   164
  Use: Scroll            ||     3
 Stab: Paralysed         ||     2
